 Dungeon Crawl Stone Soup version 0.24-a0-93-ge1bfdf8 (webtiles) character file.

Game seed: 16911533225820298749

28569 emperorscorpion the Spear-Bearer (level 13, -1/99 HPs)
             Began as a Demonspawn Wizard on Feb 10, 2019.
             Was the Champion of Makhleb.
             Slain by a vampire knight
             ... wielding a cursed +0 great mace
              (4 damage)
             ... while paralysed by a vampire knight
             ... on level 13 of the Dungeon on Feb 12, 2019.
             The game lasted 00:53:11 (13827 turns).

emperorscorpion the Spear-Bearer (DsWz)            Turns: 13827, Time: 00:53:12

Health: -1/99      AC:  7    Str:  9    XL:     13   Next: 10%
Magic:  0/25       EV:  2    Int: 26    God:    Makhleb [******]
Gold:   842        SH:  0    Dex: 11    Spells: 14/29 levels left

rFire    . . .     SeeInvis .   a - +3 halberd (venom)
rCold    + . .     Gourm    .   (shield currently unavailable)
rNeg     . . .     Faith    .   A - +0 ring mail {rC+}
rPois    .         Spirit   +   w - +0 hat
rElec    .         Reflect  .   P - +0 cloak
rCorr    .         Harm     .   (gloves unavailable)
MR       .....                  (no boots)
Stlth    ++........             n - amulet of regeneration
HPRegen  0.66/turn              J - +2 ring of intelligence
MPRegen  0.38/turn              e - ring of wizardry

@: paralysed, very slightly contaminated
A: claws 3, repulsion field 2, nightstalker 1, magic shield, magic regeneration,
magic link
a: Minor Destruction, Lesser Servant of Makhleb, Major Destruction, Greater
Servant of Makhleb, Renounce Religion


You were on level 13 of the Dungeon.
You worshipped Makhleb.
Makhleb was exalted by your worship.
You were not hungry.

You visited 1 branch of the dungeon, and saw 13 of its levels.
You also visited: Ice Cave.

You collected 842 gold pieces.

Inventory:

Hand Weapons
 a - a +3 halberd of venom (weapon)
 b - a +0 blowgun
 u - a +2 halberd of chopping
Missiles
 j - 79 arrows
 l - 20 poisoned needles
 v - 8 curare-tipped needles
 H - 5 poisoned tomahawks (quivered)
 I - 7 javelins of returning
 Q - a throwing net
Armour
 w - a +0 hat (worn)
 y - a +0 leather armour of poison resistance
 A - a +0 ring mail of cold resistance (worn)
 L - a +1 robe of the Archmagi
 P - a +0 cloak (worn)
 W - a +0 troll leather armour
Jewellery
 e - a ring of wizardry (right claw)
 n - an amulet of regeneration (around neck)
 o - an uncursed ring of ice
 t - an uncursed ring of resist corrosion
 J - a +2 ring of intelligence (left claw)
 Y - an uncursed ring of protection from cold {unknown}
Wands
 c - a wand of polymorph (3)
 S - a wand of digging (10)
 U - a wand of iceblast (6)
 Z - a wand of random effects (12)
Scrolls
 i - 5 scrolls of enchant armour
 q - 7 scrolls of teleportation
 D - 2 scrolls of fear
 E - 3 scrolls of magic mapping
 F - 4 scrolls of remove curse
 X - 2 scrolls of amnesia
Potions
 f - 5 potions of brilliance
 g - a potion of resistance
 k - 2 potions of lignification
 m - 2 potions of flight
 r - 2 potions of heal wounds
 z - a potion of magic
 B - 2 potions of mutation
 M - 4 potions of curing
 N - 2 potions of berserk rage
 O - 4 potions of agility
 R - 2 potions of haste
 T - a potion of invisibility {unknown}
 V - a potion of might {unknown}
Comestibles
 d - 21 rations


   Skills:
 + Level 8.6 Fighting
   Level 0.2 Maces & Flails
 + Level 11.3 Polearms
 - Level 0.3 Throwing
 + Level 4.4 Armour
 + Level 6.1 Dodging
 - Level 1.8 Stealth
 + Level 8.5 Spellcasting
 + Level 6.9 Conjurations
   Level 1.0 Summonings
 - Level 2.5 Translocations
 - Level 0.6 Fire Magic
 * Level 2.5 Ice Magic
 - Level 2.7 Air Magic
 - Level 3.1 Poison Magic
 - Level 9.0 Invocations
 - Level 0.3 Evocations


You had 14 spell levels left.
You knew the following spells:

 Your Spells              Type           Power        Failure   Level  Hunger
a - Magic Dart            Conj           ####         1%          1    None
b - Blink                 Tloc           N/A          2%          2    None
c - Mephitic Cloud        Conj/Pois/Air  ####....     2%          3    None
d - Conjure Flame         Conj/Fire      ####....     3%          3    None
e - Bolt of Cold          Conj/Ice       #####.....   71%         6    ######.

Your spell library contained the following spells:

 Spells                   Type           Power        Failure   Level  Hunger
 Apportation              Tloc           ###...       1%          1    None
 Summon Small Mammal      Summ           ###.         3%          1    None
 Animate Skeleton         Necr           N/A          6%          1    None
 Confusing Touch          Hex            ##....       6%          1    None
 Call Imp                 Summ           ###.....     6%          2    None
 Gell's Gravitas          Tloc           ###.......   6%          3    None
 Slow                     Hex            ##......     9%          2    None
 Confuse                  Hex            ##......     16%         3    None
 Ice Form                 Ice/Tmut       ###.....     32%         4    ##.....
 Petrify                  Tmut/Erth      ##......     45%         4    ##.....
 Metabolic Englaciation   Hex/Ice        ###.......   63%         5    ####...
 Yara's Violent Unravell  Hex/Tmut       ##........   80%         5    ####...
 Freezing Cloud           Conj/Ice/Air   ####......   80%         6    ######.
 Ozocubu's Refrigeration  Ice            ###.......   94%         6    ######.
 Simulacrum               Ice/Necr       ###.......   99%         6    ######.


Dungeon Overview and Level Annotations

Branches:
Dungeon (13/15)            Temple (0/1) D:6            Lair (0/6) D:8
    Orc (0/2) D:11
 Vaults: D:13-14

Altars:
Ashenzari
Dithmenos
Elyvilon
Kikubaaqudgha
Makhleb
Qazlal
Ru
Trog
Xom
Yredelemnul

Annotations:
D:3 3 runed translucent doors, Kairos's ghost, amateur VSEn
D:10 2 transporters, Ratty's ghost, journeyman DsFi
D:12 exclusion: obsidian statue


Innate Abilities, Weirdness & Mutations

You have claws for hands.
You are surrounded by a moderate repulsion field. (EV +3)
You are slightly more attuned to the shadows.
When hurt, damage is shared between your health and your magic reserves.
You regenerate magic rapidly.
When low on magic, you restore magic in place of health.


Message History

Confirm with . or Enter, or press ? or * to list all spells.
You blink.
Casting: Blink (safe; 2% risk of failure)
Confirm with . or Enter, or press ? or * to list all spells.
You blink.
Casting: Blink (safe; 2% risk of failure)
Confirm with . or Enter, or press ? or * to list all spells.
You blink.
Something hits you!! Something bites you!
* * * LOW HITPOINT WARNING * * *
Something draws strength from your injuries!
Casting: Blink (safe; 2% risk of failure)
Confirm with . or Enter, or press ? or * to list all spells.
You blink.
Okay, then.
You hear some strange, mumbled words.
You suddenly lose the ability to move!
Something hits you!!
* * * LOW HITPOINT WARNING * * *
Something bites you.
You die...

#.....## # ##.....# ##
########..<...## .##
##..........#...# #.##
##..........###..##
#..###...........# ##..##
##...............## ##..#########
##...ยง...........####...........
###..........###@........>.......
##...........# ##.........####...
.(...........## ##.......####....
#...........>.# #.....##........
#........##...# #...####........
####.....##..## #..## #..###...
#.....#..## ##..# #.[# ##..
##.......## #..## ##.# #..
##.>......# ##..# #.# ##.


There were no monsters in sight!

Vanquished Creatures
  A frost giant (IceCv)
  Harold (D:8)
  A hydra (D:13)
  A catoblepas (D:13)
  A death yak (IceCv)
  A two-headed ogre (D:7)
  Urug (D:11)
  Sonja (D:11)
  An unseen horror (shapeshifter) (D:13)
  An unseen horror (D:12)
  A wolf spider zombie (D:12)
  2 ugly things
  A cyclops (D:12)
  A manticore (D:13)
  An ice statue (IceCv)
  A gargoyle (D:12)
  2 rime drakes (D:12)
  2 kobold demonologists (D:12)
  14 polar bears (IceCv)
  5 trolls
  3 meliai (D:13)
  7 hippogriffs
  Prince Ribbit (D:5)
  2 shadows
  A wyvern (D:13)
  Sigmund (D:2)
  21 yaks
  2 wraiths
  3 hogs
  A human (D:8)
  2 wargs (D:11)
  Duvessa (D:6)
  2 sky beasts
  An eye of draining (D:9)
  5 orc warriors
  5 black bears
  3 ogres
  A phantom (D:12)
  2 ice beasts
  A necrophage (D:7)
  A hornet zombie (D:11)
  19 wolves
  14 centaurs
  4 big kobolds
  13 bullfrogs
  A gnoll sergeant (D:12)
  A wyvern zombie (D:9)
  An elf skeleton (D:7)
  Dowan (D:6)
  4 killer bees (D:12)
  5 scorpions
  A troll zombie (D:7)
  3 electric eels (D:8)
  2 bullfrog zombies
  6 crimson imps
  2 jellies
  A human zombie (D:7)
  A centaur zombie (D:3)
  9 hounds
  3 centaur skeletons
  2 bullfrog skeletons
  7 orc priests
  A human skeleton (D:7)
  3 iguanas
  Natasha (twice) (D:2)
  14 orc wizards
  9 worker ants
  A hound skeleton (D:9)
  5 mummies (D:7)
  A howler monkey zombie (D:9)
  A worker ant zombie (D:7)
  8 gnolls
  12 adders
  A shadow imp (D:6)
  2 oozes
  4 adder skeletons
  An adder zombie (D:8)
  3 worms
  7 leopard geckos
  46 orcs
  2 bats (D:3)
  4 giant cockroaches
  8 goblins
  5 hobgoblins
  19 kobolds
  3 quokkas
  A ball python (D:1)
  4 frilled lizards
  A jackal skeleton (D:9)
  An orc skeleton (D:7)
  11 rats
386 creatures vanquished.

Vanquished Creatures (collateral kills)
  A killer bee (D:12)
1 creature vanquished.

Vanquished Creatures (others)
  A phantom (D:9)
1 creature vanquished.

Grand Total: 388 creatures vanquished

Notes
Turn   | Place    | Note
-------+----------+-------------------------------------------
     0 | D:1      | emperorscorpion the Demonspawn Wizard began the quest for
                  | the Orb.
     0 | D:1      | Reached XP level 1. HP: 13/13 MP: 4/4
   394 | D:1      | Gained mutation: When hurt, damage is shared between your
                  | health and your magic reserves. [demonic ancestry]
   394 | D:1      | Reached XP level 2. HP: 19/19 MP: 1/6
   652 | D:1      | Learned a level 2 spell: Blink
  1341 | D:2      | Gained mutation: You have sharp fingernails. [demonic
                  | ancestry]
  1341 | D:2      | Reached XP level 3. HP: 21/24 MP: 0/8
  1557 | D:2      | Noticed Natasha
  1564 | D:2      | Killed Natasha
  1797 | D:1      | Gained mutation: You are slightly more attuned to the
                  | shadows. [demonic ancestry]
  1797 | D:1      | Reached XP level 4. HP: 29/30 MP: 0/10
  1826 | D:1      | Learned a level 3 spell: Mephitic Cloud
  1830 | D:1      | Learned a level 3 spell: Conjure Flame
  2200 | D:2      | Found a bloodstained altar of Trog.
  2498 | D:2      | Noticed Natasha
  2505 | D:2      | Killed Natasha
  2505 | D:2      | Gained mutation: You regenerate magic rapidly. [demonic
                  | ancestry]
  2505 | D:2      | Reached XP level 5. HP: 33/36 MP: 1/11
  2589 | D:2      | Noticed Sigmund
  2597 | D:2      | Killed Sigmund
  2597 | D:2      | Reached skill level 1 in Fighting
  2597 | D:2      | Reached skill level 1 in Polearms
  2597 | D:2      | Gained mutation: You are surrounded by a mild repulsion
                  | field. (EV +2) [demonic ancestry]
  2597 | D:2      | Reached XP level 6. HP: 43/43 MP: 7/13
  2622 | D:2      | Found a burning altar of Makhleb.
  2624 | D:2      | Found a basalt altar of Yredelemnul.
  2624 | D:2      | Found a white marble altar of Elyvilon.
  2624 | D:2      | Found a stormy altar of Qazlal.
  2624 | D:2      | Found a shimmering altar of Xom.
  2625 | D:2      | Found a shattered altar of Ashenzari.
  2637 | D:2      | Became a worshipper of Makhleb the Destroyer
  2870 | D:3      | Found a runed translucent gate.
  2871 | D:3      | Found a runed translucent gate.
  3038 | D:3      | Found a runed translucent gate.
  3068 | D:3      | Found a burning altar of Makhleb.
  3141 | D:3      | Found a sacrificial altar of Ru.
  3214 | D:3      | Reached skill level 2 in Polearms
  3217 | D:3      | Reached * piety under Makhleb
  3255 | D:3      | Reached skill level 5 in Spellcasting
  3828 | D:3      | Noticed Kairos's ghost (amateur VSEn)
  4048 | D:4      | Gained mutation: You have very sharp fingernails. [demonic
                  | ancestry]
  4048 | D:4      | Reached XP level 7. HP: 48/49 MP: 12/14
  4319 | D:4      | Reached skill level 3 in Polearms
  4568 | D:4      | Got an iridescent short sword
  4569 | D:4      | Identified the +9 short sword of Jinaulu {freeze, MR+} (You
                  | found it on level 4 of the Dungeon)
  4843 | D:5      | Entered Level 5 of the Dungeon
  4917 | D:5      | Reached skill level 1 in Air Magic
  5016 | D:5      | Reached skill level 4 in Polearms
  5129 | D:5      | Reached skill level 1 in Armour
  5129 | D:5      | Reached XP level 8. HP: 48/57 MP: 11/15
  5187 | D:5      | Reached ** piety under Makhleb
  5550 | D:6      | Found a staircase to the Ecumenical Temple.
  5738 | D:6      | Found a sacrificial altar of Ru.
  5816 | D:6      | Reached skill level 5 in Polearms
  5906 | D:6      | Noticed Prince Ribbit
  5910 | D:6      | Noticed Dowan
  5975 | D:6      | Noticed Duvessa
  5988 | D:5      | Killed Prince Ribbit
  6105 | D:6      | Killed Dowan
  6137 | D:6      | Killed Duvessa
  6137 | D:6      | Reached skill level 6 in Polearms
  6176 | D:6      | Reached skill level 1 in Poison Magic
  6325 | D:7      | Reached skill level 1 in Translocations
  6419 | D:7      | Gained mutation: You are surrounded by a moderate repulsion
                  | field. (EV +3) [demonic ancestry]
  6419 | D:7      | Reached XP level 9. HP: 65/65 MP: 13/17
  6698 | D:7      | Found an ancient bone altar of Kikubaaqudgha.
  6760 | D:7      | Reached skill level 7 in Polearms
  6822 | D:7      | Noticed a two-headed ogre
  6841 | D:7      | Killed a two-headed ogre
  6841 | D:7      | Reached *** piety under Makhleb
  6961 | D:7      | Reached skill level 8 in Polearms
  7183 | D:8      | Found a staircase to the Lair.
  7188 | D:8      | Noticed a troll
  7211 | D:8      | Killed a troll
  7211 | D:8      | Reached XP level 10. HP: 73/73 MP: 5/19
  7399 | D:8      | Noticed Harold
  7640 | D:8      | Reached skill level 5 in Fighting
  7640 | D:8      | Reached skill level 9 in Polearms
  7727 | D:8      | Killed Harold
  7984 | D:8      | Reached **** piety under Makhleb
  8471 | D:9      | Upgraded the game from 0.24-a0-92-g7d8ec57 to
                  | 0.24-a0-93-ge1bfdf8
  8680 | D:9      | Reached skill level 10 in Polearms
  8680 | D:9      | Reached skill level 5 in Conjurations
  8767 | D:9      | Gained mutation: When low on magic, you restore magic in
                  | place of health. [demonic ancestry]
  8767 | D:9      | Reached XP level 11. HP: 81/81 MP: 18/21
  9066 | D:10     | Entered Level 10 of the Dungeon
  9483 | D:10     | Found a transporter.
  9574 | D:10     | Found a transporter.
  9574 | D:10     | Noticed Ratty's ghost (journeyman DsFi)
  9749 | D:11     | Noticed Urug
  9843 | D:11     | Reached ***** piety under Makhleb
  9971 | D:11     | Noticed Sonja
  9981 | D:11     | Found a staircase to the Orcish Mines.
 10047 | D:11     | Reached skill level 5 in Dodging
 10150 | D:11     | Found a shadowy altar of Dithmenos.
 10540 | D:11     | Killed Sonja
 10689 | D:11     | Killed Urug
 10791 | D:12     | Reached skill level 11 in Polearms
 10840 | D:12     | Found a frozen archway.
 10866 | IceCv    | Entered an ice cave
 10923 | IceCv    | Identified the +6 dagger of Kismet {pierce, +Fly rF+
                  | Stlth-} (You found it in an ice cave)
 10945 | IceCv    | Reached skill level 1 in Invocations
 11060 | IceCv    | Noticed a death yak
 11076 | IceCv    | Killed a death yak
 11076 | IceCv    | Reached skill level 5 in Invocations
 11280 | IceCv    | Gained mutation: You have claws for hands. [demonic
                  | ancestry]
 11280 | IceCv    | Reached XP level 12. HP: 80/91 MP: 19/23
 11606 | IceCv    | Noticed a frost giant
 11620 | IceCv    | Killed a frost giant
 12191 | D:12     | Learned a level 6 spell: Bolt of Cold
 12420 | D:12     | You fall through a shaft!
 12424 | D:13     | Reached ****** piety under Makhleb
 12510 | D:13     | Reached skill level 1 in Ice Magic
 13408 | D:13     | Noticed a catoblepas
 13431 | D:13     | Killed a catoblepas
 13431 | D:13     | Reached XP level 13. HP: 83/99 MP: 15/25
 13800 | D:13     | Noticed a vampire knight
 13825 | D:13     | Paralysed by something for 5 turns
 13827 | D:13     | HP: 3/99 [something (23)]
 13827 | D:13     | Slain by a vampire knight

Levels and vault maps discovered:
D:1:      sevenhm_arrival_forest_fort_small_4, layout_loops_ring
D:2:      layout_rooms, lemuel_coloured_pillars_altar, minitemple, uniq_sigmund,
          uniq_natasha
D:3:      layout_basic, lemuel_crystal_altar, first_ration,
          gammafunk_ghost_necromancy, bloody_makhleb
D:4:      layout_gridville
D:5:      layout_basic
D:6:      layout_basic, temple_pool_b, nicolae_ru_awakened_eye, uniq_duvessa,
          uniq_prince_ribbit1
D:7:      layout_basic, lemuel_mausoleum_altar_kikubaaqudgha
D:8:      layout_loops_ring, erik_lair_island, grunt_livestock, uniq_harold
D:9:      layout_rooms
D:10:     layout_loops_ring, gammafunk_ghost_mausoleum, bh_walls_and_bars
D:11:     layout_irregular_city, erik_orc_4, nicolae_dithmenos_the_darkroom,
          uniq_sonja, uniq_urug
D:12:     layout_roguey, portal_ice_cave_rime, st_stairs_5, minivault_16,
          hangedman_decor_diamond_cutter
D:13:     layout_layer_cave, serial_glass, glass_columns_a, glass_columns_a,
          glass_columns_b, glass_columns_c, glass_columns_c, glass_columns_a,
          kennysheep_four_rooms
IceCv:    ice_cave_caverns_03

Skill      XL: |  1  2  3  4  5  6  7  8  9 10 11 12 |
---------------+-------------------------------------+-----
Dodging        | 2 3 4 5 6 |  6.1
Spellcasting   | 4 5 6 7 8 |  8.5
Conjurations   | 2 3 4 5 6 |  6.9
Fighting       | 1 2 4 5 7 8 |  8.6
Polearms       | 1 2 4 6 8 10 11 | 11.3
Air Magic      | 1 2 |  2.7
Armour         | 1 2 4 |  4.4
Poison Magic   | 1 2 3 |  3.1
Translocations | 1 2 |  2.5
Invocations    | 6 9 |  9.0
Ice Magic      | 2 |  2.5
Maces & Flails | |  0.2
Throwing       | |  0.3
Stealth        | |  1.8
Summonings     | |  1.0
Fire Magic     | |  0.6
Evocations     | |  0.3

Action                   |  1- 3 |  4- 6 |  7- 9 | 10-12 | 13-15 || total
-------------------------+-------+-------+-------+-------+-------++-------
Melee: Whip              |    35 |       |       |       |       ||    35
       Halberd           |       |   108 |   304 |   782 |    26 ||  1220
 Fire: Blowgun           |       |       |       |     3 |       ||     3
Throw: Tomahawk          |       |       |       |     3 |     3 ||     6
 Cast: Magic Dart        |    76 |    79 |    21 |    33 |     4 ||   213
       Conjure Flame     |       |     3 |    10 |     7 |     5 ||    25
       Mephitic Cloud    |       |     2 |    17 |    83 |     3 ||   105
       Blink             |       |       |     8 |    18 |     6 ||    32
Evoke: Wand              |       |       |     2 |    20 |       ||    22
  Use: Potion            |     2 |       |       |       |       ||     2
       Scroll            |       |     3 |     3 |    20 |     1 ||    27
 Stab: Sleeping          |       |     9 |    12 |     7 |     1 ||    29
       Confused          |       |     1 |     4 |    46 |     2 ||    53
       Distracted        |       |       |     1 |     1 |       ||     2
  Eat: Chunk             |     2 |     8 |    11 |    20 |     2 ||    43
Armor: Robe              |     6 |    20 |    13 |    21 |       ||    60
       Leather armour    |       |       |    17 |       |       ||    17
       Ring mail         |       |       |       |    49 |     6 ||    55
Dodge: Dodged            |    41 |   105 |   192 |   428 |    14 ||   780

Table legend:
 A = Non-vault XP
 B = Vault XP
 C = Vault XP percentage of total XP
 D = Non-vault monster count
 E = Vault monster count
 F = Vault count percentage of total count
                 A         B        C        D         E       F
            +---------+---------+-------+---------+---------+-------
      Total |   22999 |   17814 |  43.6 |     291 |      97 |  25.0
            +---------+---------+-------+---------+---------+-------
        D:1 |      44 |       0 |   0.0 |      16 |       0 |   0.0
        D:2 |     154 |     248 |  61.7 |      22 |       2 |   8.3
        D:3 |     237 |       0 |   0.0 |      29 |       0 |   0.0
        D:4 |     274 |       0 |   0.0 |      17 |       0 |   0.0
        D:5 |     590 |     264 |  30.9 |      17 |       1 |   5.6
        D:6 |     606 |     214 |  26.1 |      11 |       2 |  15.4
        D:7 |    1441 |    1023 |  41.5 |      11 |      14 |  56.0
        D:8 |    1559 |    2282 |  59.4 |      31 |      12 |  27.9
        D:9 |    2922 |       0 |   0.0 |      43 |       0 |   0.0
       D:10 |     544 |       0 |   0.0 |       4 |       0 |   0.0
       D:11 |    1822 |    2219 |  54.9 |      18 |      18 |  50.0
       D:12 |    5818 |    1095 |  15.8 |      49 |       4 |   7.5
       D:13 |    6988 |       0 |   0.0 |      23 |       0 |   0.0
      IceCv |       0 |   10469 | 100.0 |       0 |      44 | 100.0
            +---------+---------+-------+---------+---------+-------
